 Dungeon Crawl Stone Soup version 0.31-a0-971-g75a2e9a4b4 (webtiles) character file.

Game seed: 15170005476705610317

42 Azuregosa the Covert (level 3, 25/26 HPs)
             Began as an Octopode Delver on Oct 28, 2023.
             Quit the game on level 2 of the Dungeon.
             The game lasted 00:05:28 (1012 turns).

Azuregosa the Covert (Octopode Delver)              Turns: 1012, Time: 00:05:29

Health: 25/26      AC:  1    Str: 11    XL:     3   Next: 56%
Magic:  3/3        EV: 13    Int: 12    God:
Gold:   102        SH:  0    Dex: 15    Spells: 2/2 levels left

rFire   . . .        a - +0 spear
rCold   . . .        (no shield)
rNeg    . . .        p - +0 hat
rPois   .            (no amulet)
rElec   .            (no ring)
rCorr   .            (no ring)
SInv    .            (no ring)
Will    .....        (no ring)
Stlth   +++++        (no ring)
HPRegen 0.24/turn    (no ring)
MPRegen 0.08/turn    (no ring)
                     (no ring)

%: no passive effects
@: no status effects
A: almost no armour, amphibious, 8 rings, camouflage 1, gelatinous body 1,
(nimble swimmer 1), tentacles
a: no special abilities


You were on level 2 of the Dungeon.
You visited 1 branch of the dungeon, and saw 5 of its levels.

You collected 102 gold pieces.

Inventory:

Hand Weapons
 a - a +0 spear (weapon)
Missiles
 c - 4 boomerangs
 g - 24 stones
 k - 5 poisoned darts
Armour
 p - a +0 hat (worn)
Magical Staves
 n - a staff of poison
Wands
 f - a wand of digging (3)
Scrolls
 b - a scroll of fog
 d - 2 scrolls of fear
 h - a scroll of identify {unknown}
 i - a scroll of immolation {unknown}
 j - 2 scrolls of teleportation {unknown}
Potions
 e - a potion of haste
 l - a potion of cancellation {unknown}
 m - a potion of attraction {unknown}
 o - a potion of brilliance {unknown}


   Skills:
 - Level 3.0 Fighting
 - Level 2.0 Polearms
 - Level 2.0 Dodging
 + Level 8.2 Stealth


You had 2 spell levels left.
You didn't know any spells.
Your spell library contained the following spells:

 Spells                   Type           Power      Damage    Failure   Level
 Sublimation of Blood     Necr           0%         N/A       45%         2
 Petrify                  Tmut/Erth      0%         N/A       97%         4
 Irradiate                Conj/Tmut      0%         3d11      100%        5


Dungeon Overview and Level Annotations

Branches:
Dungeon (5/15)
 Temple: D:4-7

Altars:

Shops:
D:2 (

Annotations:
D:5 1 transporter, StormySan's ghost, amateur DsBe


Innate Abilities, Weirdness & Mutations

You cannot wear most types of armour.
You are amphibious.
You can wear up to eight rings at the same time.
Your skin changes colour to match your surroundings (Stealth+).
Your rubbery body absorbs attacks. (AC +1, EV +1)
((You are camouflaged when in or above water. (Stealth+)))
You have tentacles for arms and can constrict up to eight enemies at once.


Message History

You kill the endoplasm!
Reach: a) +0 spear
Press: ? - help, Dir - move target, f - bat
Aim: a bat (asleep, about 2% to evade your +0 spear)
You reach to attack!
The helpless bat fails to defend itself.
You puncture the bat!
You kill the bat!
You now have 81 gold pieces (gained 14).
d - 2 scrolls of fear (gained 1)
You see here a +0 hat.
p - a +0 hat You start putting on your armour.
You continue putting on your +0 hat. x4
You finish putting on your +0 hat.
Found a stone staircase leading down.
There is a stone staircase leading down here.
A hobgoblin comes into view.
You see here 9 gold pieces.
The hobgoblin shouts!
The teleport trap disappears.
The hobgoblin disappears!
The hobgoblin reappears nearby!
A frilled lizard comes into view.
You see here 12 gold pieces.
You now have 93 gold pieces (gained 12).
You see here 9 gold pieces.
You now have 102 gold pieces (gained 9).
You hit the hobgoblin but do no damage. You grab the hobgoblin.
You squeeze the hobgoblin.
The hobgoblin is moderately wounded.
You constrict the hobgoblin. The hobgoblin hits you.
You hit the hobgoblin. You squeeze the hobgoblin.
You kill the hobgoblin!
A frilled lizard is nearby!
Found a flail.
You hit the frilled lizard. Your grab misses the frilled lizard.
The frilled lizard is heavily wounded.
The frilled lizard closely misses you.
You hit the frilled lizard.
You kill the frilled lizard!
Are you sure you want to abandon this character and quit the game? (Confirm with "yes".)

#........# #........#
##.......#
#........##
#.........#
#.........##
#..........#
#..........##
##....@.....# .#
##.........##..
#.........##.# ..
#..........#.#######.
#.......>..#.....#...
#########............
#............
#............
#.........)..


There were no monsters in sight!

Vanquished Creatures
  4 endoplasms
  8 goblins
  3 hobgoblins
  4 kobolds
  4 quokkas
  A ball python (D:1)
  6 bats
  3 frilled lizards
  5 rats
38 creatures vanquished.

Notes
Turn   | Place    | Note
-------+----------+-------------------------------------------
     0 | D:5      | Azuregosa the Octopode Delver began the quest for the Orb.
     0 | D:5      | Reached XP level 1. HP: 16/16 MP: 1/1
     0 | D:5      | Noticed an ogre
     0 | D:5      | Noticed an ogre
     0 | D:5      | Noticed StormySan's ghost (amateur DsBe)
     9 | D:5      | Noticed an ogre
    30 | D:2      | Found Dyamog's Antique Weapon Shoppe.
    66 | D:1      | Reached skill level 7 in Stealth
    70 | D:1      | Reached XP level 2. HP: 13/21 MP: 2/2
   389 | D:1      | Reached XP level 3. HP: 26/26 MP: 3/3
   802 | D:2      | Reached skill level 8 in Stealth
  1012 | D:2      | Quit the game

Illustrated notes

Levels and vault maps discovered:
D:1:      giann_bridges, layout_loops_cross, nicolae_the_louvre
D:2:      minmay_skewed_foursquare, layout_rooms, serial_shops,
          nicolae_shop_tiny_waterfront
D:3:      layout_loops_ring, gammafunk_temple_overflow_wave, uniq_jessica,
          uniq_terence
D:4:      layout_basic, kennysheep_mini_moat, minmay_temple_entry_fiery,
          uniq_menkaure, uniq_eustachio, uniq_duvessa
D:5:      layout_basic, gammafunk_ghost_smash

Skill      XL: |  1  2  3 |
---------------+----------+-----
Stealth        | 7 8 |  8.2
Fighting       | |  3.0
Polearms       | |  2.0
Dodging        | |  2.0

Action                     || total
---------------------------++-------
  Melee: Spear             ||    73
         Constrict         ||    20
         Tentacles         ||    16
    Use: Scroll            ||     1
   Stab: Sleeping          ||    10
 Armour: Skin              ||    27
  Dodge: Dodged            ||    38

Table legend: (Time is in decaauts)
 A = Elapsed time spent in this place.
 B = Non-inter-level travel time spent in this place.
 C = Inter-level travel time spent in this place.
 D = Time resting spent in this place.
 E = Time spent auto-exploring this place.
 F = Levels seen in this place.
 G = Mean time per level.
                   A        B        C        D        E       F      G
               +--------+--------+--------+--------+--------+-----+--------+
         Total |   1010 |    970 |     40 |     78 |    537 |   5 |  202.0 |
       Dungeon |   1010 |    970 |     40 |     78 |    537 |   5 |  202.0 |
               +--------+--------+--------+--------+--------+-----+--------+

Top non-repeatable levels by time:
     D:1: 699 daAuts
     D:2: 281 daAuts
     D:3: 12 daAuts
     D:5: 11 daAuts
     D:4: 5 daAuts
